 Dungeon Crawl Stone Soup version 0.17-a0-1479-g4041c36 (webtiles) character file.

497 magipi the Conjurer (level 7, -1/36 HPs)
             Began as a Tengu Fire Elementalist on July 3, 2015.
             Slain by an orc
             ... wielding a +0 hand axe
              (3 damage)
             ... on level 4 of the Dungeon.
             The game lasted 00:18:55 (4103 turns).

magipi the Conjurer (Tengu Fire Elementalist)       Turns: 4103, Time: 00:18:55

Health: -1/36      AC:  3    Str:  8    XL:     7   Next: 15%
Magic:  0/11       EV: 13    Int: 17    God:
Gold:   218        SH:  0    Dex: 15    Spells: 3 memorised, 2 levels left

rFire  . . .     SeeInvis .     w - +0 spear
rCold  . . .     Clarity  .     B - +0 leather armour
rNeg   . . .     SustAt   .     (no shield)
rPois  .         Gourm    .     (helmet restricted)
rElec  .         Spirit   .     (no cloak)
rCorr  .         Warding  .     (no gloves)
rMut   .         Stasis   .     (boots unavailable)
MR     .....                    (no amulet)
Stlth  ++........               (no ring)
                                (no ring)

@: very slightly contaminated, not resistant to hostile enchantments, unstealthy
A: beak, talons 3, able to fly 1
a: Fly


You were on level 4 of the Dungeon.
You were hungry.

You visited 1 branch of the dungeon, and saw 5 of its levels.

You collected 218 gold pieces.

Notes
Turn   | Place    | Note
--------------------------------------------------------------
     0 | D:1      | magipi the Tengu Fire Elementalist began the quest for the Orb.
     0 | D:1      | Reached XP level 1. HP: 10/10 MP: 4/4
   782 | D:2      | Reached XP level 2. HP: 15/15 MP: 1/6
   849 | D:2      | Found a bloodstained altar of Trog.
  1372 | D:2      | Reached XP level 3. HP: 19/19 MP: 4/7
  1381 | D:2      | Learned a level 3 spell: Conjure Flame
  1559 | D:2      | Reached skill level 4 in Fire Magic
  1717 | D:2      | Found a glowing golden altar of the Shining One.
  1836 | D:2      | Reached XP level 4. HP: 24/24 MP: 6/8
  2080 | D:3      | Noticed Ijyb
  2202 | D:2      | Killed Ijyb
  2543 | D:3      | Gained mutation: You can fly. [Tengu growth]
  2543 | D:3      | Reached XP level 5. HP: 28/28 MP: 6/9
  2605 | D:3      | Noticed Sigmund
  2654 | D:3      | Found a sacrificial altar of Ru.
  2801 | D:3      | Reached skill level 5 in Fire Magic
  2811 | D:3      | Learned a level 4 spell: Sticky Flame
  3335 | D:4      | Found a basalt altar of Yredelemnul.
  3373 | D:4      | Reached skill level 5 in Conjurations
  3450 | D:4      | Noticed an ogre
  3487 | D:4      | Killed an ogre
  3487 | D:4      | Reached XP level 6. HP: 32/32 MP: 4/10
  3742 | D:4      | Reached skill level 6 in Conjurations
  3921 | D:5      | Entered Level 5 of the Dungeon
  3971 | D:5      | Found Zin's Purification Station.
  3974 | D:5      | Found a glowing silver altar of Zin.
  3983 | D:5      | Noticed Blork the orc
  4089 | D:5      | Reached XP level 7. HP: 13/36 MP: 0/11
  4103 | D:4      | Slain by an orc

Inventory:

Hand weapons
 f - a +0 mace
 s - a +0 short sword of holy wrath
 w - a +0 spear (weapon)
Missiles
 e - 48 stones (quivered)
 o - 13 poisoned needles
Armour
 B - a +0 leather armour (worn)
Jewellery
 d - an uncursed amulet of guardian spirit {unknown}
 h - an uncursed ring of stealth {unknown}
 y - a cursed amulet of inaccuracy {unknown}
Magical devices
 D - a wand of cold (8)
 E - a wand of slowing (25)
Scrolls
 a - a scroll of blinking {unknown}
 g - 5 scrolls of identify {unknown}
 i - a scroll of amnesia {unknown}
 l - a scroll of enchant weapon {unknown}
 t - a scroll of teleportation {unknown}
 u - a scroll of recharging {unknown}
 A - a scroll of remove curse {unknown}
 G - a scroll of random uselessness {unknown}
Potions
 k - a potion of cure mutation {unknown}
 m - a potion of heal wounds {unknown}
 n - 2 potions of haste {unknown}
 p - 2 potions of curing
 q - a potion of lignification {unknown}
 r - a potion of ambrosia {unknown}
 x - 2 potions of poison {unknown}
Books
 b - a book of Flames

   Spells                             Type                      Level
   a - Flame Tongue                   Conjuration/Fire             1
   b - Throw Flame                    Conjuration/Fire             2
   c - Conjure Flame                  Conjuration/Fire             3
   d - Inner Flame                    Hexes/Fire                   3
   e - Sticky Flame                   Conjuration/Fire             4
   f - Fireball                       Conjuration/Fire             5
 F - a book of Dreams

   Spells                             Type                      Level
   a - Ensorcelled Hibernation        Hexes/Ice                    2
   b - Phase Shift                    Translocation                5
   c - Shadow Creatures               Summoning                    5
   d - Silence                        Hexes/Air                    5
   e - Mass Confusion                 Hexes                        6
   f - Darkness                       Hexes                        7
Comestibles
 c - 4 bread rations
 j - a slice of pizza
 v - 4 chunks of flesh
 z - a beef jerky
 C - 2 meat rations


   Skills:
 + Level 4.0 Dodging
 - Level 2.0 Stealth
 - Level 2.0 Spellcasting
 - Level 6.1 Conjurations
 - Level 6.0 Fire Magic


You had 2 spell levels left.
You knew the following spells:

 Your Spells              Type           Power        Failure   Level  Hunger
a - Flame Tongue          Conj/Fire      ###..        2%          1    #......
b - Conjure Flame         Conj/Fire      ###.....     10%         3    ###....
c - Sticky Flame          Conj/Fire      ###.....     24%         4    #####..


Dungeon Overview and Level Annotations

Branches:
Dungeon (5/15)
 Temple: D:4-7

Altars:
Ru
Trog
Yredelemnul
Zin
The Shining One

Shops:
D:5 *

Annotations:
D:3 Sigmund
D:4 priests
D:5 Blork the orc


Innate Abilities, Weirdness & Mutations

You have a beak for a mouth.
You have claws for feet.
You can fly.

Vault maps used:
D:1:      dpeg_arrival_short_road
D:2:      nicolae_overflow_hidden_temple, serial_park_tiny_pond,
          serial_park_tiny_1, tso_metal_star
D:3:      hangedman_ru_absence, first_bread, uniq_sigmund, uniq_iyjb
D:4:      kennysheep_little_box, kennysheep_small_square
D:5:      zin_purify, serial_glass, glass_columns_a, glass_columns_a,
          st_stairs_13, uniq_menkaure, uniq_blork_the_orc


Message History

The orc wizard casts a spell.
The orc wizard seems to speed up.
Casting: Flame Tongue
Confirm with . or Enter, or press ? or * to list all spells.
Aiming: Flame Tongue
Press: ? - help, Shift-Dir - straight line, f/p - orc
Aim: an orc, wielding a flail and wearing a scale mail (lightly wounded)
The flame tongue hits the orc.
You kill the orc!
Your Dodging skill increases to level 3!
The centaur wields a shortbow.
The centaur shoots an arrow.
The arrow hits you!
An orc comes into view. It is wielding a hand axe.
An orc wizard comes into view. It is wielding a dagger.
The orc wizard shouts!
The centaur completely misses you. The centaur hits you with a shortbow.
Things that are here:
a flail; a scale mail; an orc corpse
Casting: Flame Tongue
Confirm with . or Enter, or press ? or * to list all spells.
Aiming: Sticky Flame
Press: ? - help, Shift-Dir - straight line, f - centaur
Aim: a centaur, wielding a shortbow You miscast Sticky Flame.
You are very lightly contaminated with residual magic.
Strange energies run through your body.
You are feeling hungry.
The centaur hits you with a shortbow!
Unknown command.
Unknown command.
Casting: Sticky Flame
Confirm with . or Enter, or press ? or * to list all spells.
Aiming: Sticky Flame
Press: ? - help, Shift-Dir - straight line, f/p - centaur
Aim: a centaur, wielding a shortbow The sticky flame hits the centaur.
The centaur appears unharmed.
The centaur is covered in liquid flames!
The centaur burns!
The centaur barely misses you. The orc wizard misses you.
The orc wizard mumbles some strange words.
The orc wizard blinks!
Unknown command.
Unknown command.
Unknown command.
Drink which item? (? for menu, Esc to quit)
You feel better.
The centaur burns!
The centaur completely misses you. The orc wizard hits you with a dagger.
Unknown command.
Unknown command.
You hit the centaur. Your kick misses the centaur. You peck the centaur.
The centaur is heavily wounded.
The centaur burns!
The centaur closely misses you.
The orc wizard hits you but does no damage.
The orc wizard casts a spell at you. The puff of frost misses you.
The centaur hits you with a shortbow.
Unknown command.
You hit the centaur. You peck the centaur.
The centaur is almost dead.
The centaur burns!
You kill the centaur!
Your Dodging skill increases to level 4!
You have reached level 7!
The orc wizard closely misses you. The orc closely misses you.
The orc wizard points at you and mumbles some strange words.
The magic dart hits you!
* * * LOW HITPOINT WARNING * * *
The orc wizard gestures wildly while chanting.
The orc wizard blinks!
The orc closely misses you.
There is a stone staircase leading up here.
The orc wizard casts a spell.
The orc wizard seems to speed up.
You climb upwards.
Level annotation: priests
There is a stone staircase leading down here.
Unknown command.
Casting: Sticky Flame
Confirm with . or Enter, or press ? or * to list all spells.
Aiming: Flame Tongue
Press: ? - help, Shift-Dir - straight line, f - orc
Aim: an orc, wielding a hand axe and wearing a leather armour The flame tongue hits the orc.
The orc is severely wounded.
The orc hits you with a hand axe!
* * * LOW HITPOINT WARNING * * *
Drink which item? (? for menu, Esc to quit)
You feel better. The orc hits you with a hand axe.
* * * LOW HITPOINT WARNING * * *
Casting: Flame Tongue
Confirm with . or Enter, or press ? or * to list all spells.
Aiming: Flame Tongue
Press: ? - help, Shift-Dir - straight line, f/p - orc
Aim: an orc, wielding a hand axe and wearing a leather armour (severely wounded)
The flame tongue misses the orc.
The orc hits you with a hand axe.
* * * LOW HITPOINT WARNING * * *
Casting: Flame Tongue
Confirm with . or Enter, or press ? or * to list all spells.
You don't have enough magic to cast that spell.
Unknown command.
Unknown command.
The orc hits you with a hand axe.
You die...

#..........# #..##
#..........# ##..##
#..........# #....#
#>.........# #....#
#..........# #....#
#..........# #....#
#..........###### #.....
#.....o.....(...###...##
#......@.....##.##...###
#...#########.#.........
##### #.........##
♣♣...♣♣#..#........
.g..[ #........### o.?.Z
#.....<...# .$.
#.........## .o.
#........).. ♣.♣
#........###


You could see an orc.

Vanquished Creatures
  A centaur (D:5)
  An ogre (D:4)
  3 hounds (D:4)
  An iguana (D:4)
  Ijyb (D:2)
  A worker ant (D:4)
  10 adders
  An ooze (D:3)
  2 worms
  A giant gecko (D:2)
  3 orcs
  2 bat skeletons (D:4)
  A giant cockroach (D:4)
  5 hobgoblins
  2 quokkas
  5 bats
  4 giant newts
  8 goblins
  6 kobolds
  7 rats
65 creatures vanquished.

Action                   |  1- 3 |  4- 6 |  7- 9 || total
-------------------------+-------+-------+-------++-------
Melee: Mace              |     3 |       |       ||     3
       Spear             |       |    19 |       ||    19
       Short sword       |       |     1 |       ||     1
Throw: Stone             |     7 |     1 |       ||     8
 Cast: Flame Tongue      |    46 |   106 |     2 ||   154
       Conjure Flame     |       |     3 |       ||     3
       Sticky Flame      |       |     2 |       ||     2
  Use: Potion            |       |     2 |     1 ||     3
  Eat: Chunk             |     4 |     9 |       ||    13

Action                   |  1- 3 |  4- 6 |  7- 9 || total
-------------------------+-------+-------+-------++-------
Melee: Mace              |     3 |       |       ||     3
       Spear             |       |    19 |       ||    19
       Short sword       |       |     1 |       ||     1
Throw: Stone             |     7 |     1 |       ||     8
 Cast: Flame Tongue      |    46 |   106 |     2 ||   154
       Conjure Flame     |       |     3 |       ||     3
       Sticky Flame      |       |     2 |       ||     2
  Use: Potion            |       |     2 |     1 ||     3
  Eat: Chunk             |     4 |     9 |       ||    13
